Capitals vs Maple Leafs
Created - 17 janvier 2014 at 20:47
Goals
|
| Capitals |
1 |
3 |
1 |
5 |
| Maple Leafs |
2 |
1 |
1 |
4 |
|
Shots
|
| Capitals |
8 |
9 |
15 |
32 |
| Maple Leafs |
17 |
10 |
7 |
34 |
|
1st period
1. Maple Leafs , Dustin Penner 12 (Claude Giroux, Robert Nilsson) at 3:23
2. Maple Leafs , Alexander Frolov 19 (Robert Nilsson, Alex Goligoski) at 5:42 (PP)
3. Capitals , Evgeni Malkin 16 (Bobby Ryan, Braydon Coburn) at 9:16
Penalties :
Ed Jovanovski (Was) for Hooking (Minor) at 5:30, Ales Hemsky (Was) for Checking from behind (Major) at 15:40
2nd period
4. Capitals , Braydon Coburn 2 (Thomas Vanek, Brooks Laich) at 3:29
5. Capitals , Brooks Laich 10 (Thomas Vanek, Joe Corvo) at 6:18
6. Capitals , Evgeni Malkin 17 (Bobby Ryan, Zach Parise) at 14:31
7. Maple Leafs , Alexander Frolov 20 (Claude Giroux, Robert Nilsson) at 15:01 (PP)
Penalties :
Bobby Ryan (Was) for Charging (Minor) at 6:31, Brian Rafalski (Was) for Delaying the game (Minor) at 14:55
3rd period
8. Maple Leafs , Claude Giroux 29 (Robert Nilsson, Alexander Frolov) at 14:42 (PP)
9. Capitals , Zach Parise 15 (Braydon Coburn, Bobby Ryan) at 18:23
Penalties :
Ed Jovanovski (Was) for Slashing (Minor) at 3:43, Braydon Coburn (Was) for Roughing (Minor) at 14:30
Goalie Stats
Nikolai Khabibulin (Was), 30 saves from 34 shots - (0,882), W, 14-8-0, 60:00 minutes
Marc-André Fleury (Tor), 14 saves from 15 shots - (0,933), L, 15-16-0, 25:29 minutes
Viktor Fasth (Tor), 13 saves from 17 shots - (0,765), 34:31 minutes
Players Stats for Capitals
Player Name G A P +/- PIM S H SB GA TA FO MP PP MP PK MP
------------------------------------------------------------------------------------
Adam Hall 0 0 0 0 0 0 1 0 0 1 0/0 11:22 0:00 0:00
Ales Hemsky 0 0 0 2 5 0 4 0 0 1 0/0 13:21 0:00 0:00
Anton Volchenkov 0 0 0 -1 0 2 1 1 2 0 0/0 27:33 0:00 5:05
Bobby Ryan 0 3 3 2 2 1 2 1 0 1 1/1 17:07 0:00 0:00
Braydon Coburn 1 2 3 3 2 3 0 1 0 0 0/0 20:41 0:00 3:48
Brian Rafalski 0 0 0 -1 2 0 1 3 0 0 0/0 27:14 0:00 4:47
Brooks Laich 1 1 2 2 0 1 0 0 0 0 5/14 14:18 0:00 1:07
Bryce Salvador 0 0 0 3 0 0 1 1 0 0 0/0 20:42 0:00 3:48
Chris Kunitz 0 0 0 0 0 3 2 0 0 0 0/1 10:34 0:00 1:43
Ed Jovanovski 0 0 0 2 4 0 1 0 0 1 0/0 12:01 0:00 0:52
Evgeni Malkin 2 0 2 2 0 5 4 2 1 0 19/33 21:52 0:00 4:43
Joe Corvo 0 1 1 2 0 1 0 1 1 0 0/0 11:45 0:00 0:34
Nicklas Backstrom 0 0 0 0 0 4 1 0 0 0 1/2 8:57 0:00 0:16
Peter Regin 0 0 0 0 0 4 0 0 0 0 3/6 11:22 0:00 0:00
Phil Kessel 0 0 0 0 0 2 0 0 0 0 0/0 8:41 0:00 0:00
Steve Sullivan 0 0 0 0 0 5 0 0 1 0 0/0 14:50 0:00 3:18
Thomas Vanek 0 2 2 2 0 0 0 0 0 1 0/1 16:16 0:00 3:05
Zach Parise 1 1 2 2 0 1 2 3 0 0 1/2 21:51 0:00 4:42
Players Stats for Maple Leafs
Player Name G A P +/- PIM S H SB GA TA FO MP PP MP PK MP
------------------------------------------------------------------------------------
Alex Goligoski 0 1 1 0 0 0 1 3 0 0 0/0 28:12 5:38 0:00
Alexander Frolov 2 1 3 -1 0 5 0 1 0 2 1/2 18:12 4:46 0:00
Andy Hilbert 0 0 0 -1 0 2 0 0 0 0 1/1 13:09 1:03 0:00
Brendan Morrison 0 0 0 -1 0 3 3 0 0 0 3/7 16:18 3:27 0:00
Brett Clark 0 0 0 -4 0 0 0 0 0 0 0/0 20:04 3:01 0:00
Byron Bitz 0 0 0 -1 0 1 1 0 1 0 0/0 16:18 3:27 0:00
Claude Giroux 1 2 3 -1 0 4 1 0 0 0 4/5 21:59 4:46 0:00
Dustin Penner 1 0 1 -1 0 4 0 0 0 1 0/1 20:36 3:28 0:00
Jaime Sifers 0 0 0 0 0 0 0 2 0 0 0/0 11:44 0:48 0:00
Jamal Mayers 0 0 0 -1 0 1 2 0 0 0 0/0 10:10 1:04 0:00
Jay Harrison 0 0 0 0 0 0 0 0 0 0 0/0 11:35 0:39 0:00
Lasse Kukkonen 0 0 0 -4 0 1 0 2 1 1 0/0 20:04 3:01 0:00
Nils Ekman 0 0 0 -1 0 2 0 1 0 0 0/0 9:50 0:54 0:00
Paul Stastny 0 0 0 -1 0 2 2 0 1 0 4/4 10:53 0:30 0:00
Pierre-Marc Bouchard 0 0 0 -1 0 4 1 0 1 0 4/7 12:03 0:00 0:00
Robert Nilsson 0 4 4 -1 0 2 2 0 0 0 13/33 21:19 4:46 0:00
Steve Ott 0 0 0 -1 0 1 2 0 1 0 0/0 9:13 0:10 0:00
Tobias Enstrom 0 0 0 0 0 2 1 0 0 1 0/0 28:21 5:47 0:00
3 Stars
1 - Evgeni Malkin (Was)
2 - Zach Parise (Was)
3 - Braydon Coburn (Was)
Power Play
Capitals - 0 on 0 Attempt(s) - 0,00%
Maple Leafs - 3 on 6 Attempt(s) - 50,00%
Penalty Kill
Capitals - 3 on 6 Attempt(s) - 50,00%
- Score 0 goal in Penalty Kill
Maple Leafs - 0 on 0 Attempt(s) - 0,00%
- Score 0 goal in Penalty Kill
Official
Referees : O'Halloran Dan and Hasenfratz Mike
Linesman : Dan Schachte and Jay Sharrers
Game Notes
Marc-André Fleury enters game at 14:31 of 2nd period
Nils Ekman is injured at 6:22 of 3rd period (Bruised Left Leg)
Finance
Level 1 -- Attendance: 5028 (83,80%) -- Ticket Income 452 520 $
Level 2 -- Attendance: 3718 (74,36%) -- Ticket Income 204 490 $
Level 3 -- Attendance: 1642 (82,10%) -- Ticket Income 52 544 $
Level 4 -- Attendance: 3435 (85,88%) -- Ticket Income 68 700 $
Luxury Box -- Attendance: 786 (78,60%) -- Ticket Income 137 550 $
Game was played at the Maple Leafs Garden
Total Attendance: 14609 (81,16%)
Total Ticket Income: 915 804 $
Other Income: 137 371 $
Total Income: 1 053 175 $
Capitals
5 vs 5 Forward
Center Left Wing Right Wing Time % Phy DF OF
1 Evgeni Malkin Zach Parise Bobby Ryan 40 1 2 2
2 Brooks Laich Thomas Vanek Ales Hemsky 30 1 2 2
3 Peter Regin Steve Sullivan Adam Hall 20 1 2 2
4 Nicklas Backstrom Chris Kunitz Phil Kessel 10 1 2 2
5 vs 5 Defense
Defense Defense Time % Phy DF OF
1 Anton Volchenkov Brian Rafalski 40 1 2 2
2 Braydon Coburn Bryce Salvador 30 1 2 2
3 Joe Corvo Ed Jovanovski 20 1 2 2
4 Anton Volchenkov Brian Rafalski 10 1 2 2
PowerPlay Forward
Center Left Wing Right Wing Time % Phy DF OF
1 Evgeni Malkin Zach Parise Bobby Ryan 60 1 2 2
2 Brooks Laich Thomas Vanek Ales Hemsky 40 1 2 2
PowerPlay Defense
Defense Defense Time % Phy DF OF
1 Anton Volchenkov Brian Rafalski 60 1 2 2
2 Braydon Coburn Bryce Salvador 40 1 2 2
Penalty Kill 4 Players Forward
Center Wing Time % Phy DF OF
1 Evgeni Malkin Zach Parise 60 1 2 2
2 Thomas Vanek Steve Sullivan 40 1 2 2
Penalty Kill 4 Players Defense
Defense Defense Time % Phy DF OF
1 Anton Volchenkov Brian Rafalski 60 1 2 2
2 Braydon Coburn Bryce Salvador 40 1 2 2
Penalty Kill - 3 Players Forward
Forward Time % Phy DF OF
1 Evgeni Malkin 60 1 2 2
2 Zach Parise 40 1 2 2
Penalty Kill - 3 Players Defense
Defense Defense Time % Phy DF OF
1 Anton Volchenkov Brian Rafalski 60 1 2 2
2 Braydon Coburn Bryce Salvador 40 1 2 2
4 vs 4 Forward
Center Wing Time % Phy DF OF
1 Evgeni Malkin Zach Parise 60 1 2 2
2 Thomas Vanek Steve Sullivan 40 1 2 2
4 vs 4 Defense
Defense Defense Time % Phy DF OF
1 Anton Volchenkov Brian Rafalski 60 1 2 2
2 Braydon Coburn Bryce Salvador 40 1 2 2
Last Minutes Offensive
Center Left Wing Right Wing Defense Defense
Evgeni Malkin Zach Parise Bobby Ryan Anton Volchenkov Brian Rafalski
Last Minutes Defensive
Center Left Wing Right Wing Defense Defense
Evgeni Malkin Zach Parise Bobby Ryan Anton Volchenkov Brian Rafalski
Goaltenders
Starting : Nikolai Khabibulin
Backup : Niklas Backstrom
Extra Forwards
Normal : Peter Regin, Nicklas Backstrom, Chris Kunitz - PP : Peter Regin, Nicklas Backstrom - PK : Chris Kunitz
Extra Defensemen
Normal : Joe Corvo, Ed Jovanovski, Braydon Coburn - PP : Joe Corvo - PK : Ed Jovanovski, Braydon Coburn
Penalty Shots
Evgeni Malkin, Zach Parise, Thomas Vanek, Steve Sullivan, Bobby Ryan
Maple Leafs
5 vs 5 Forward
Center Left Wing Right Wing Time % Phy DF OF
1 Robert Nilsson Dustin Penner Claude Giroux 40 1 1 3
2 Brendan Morrison Alexander Frolov Byron Bitz 30 1 2 2
3 Pierre-Marc Bouchard Andy Hilbert Nils Ekman 20 1 2 2
4 Paul Stastny Steve Ott Jamal Mayers 10 1 2 2
5 vs 5 Defense
Defense Defense Time % Phy DF OF
1 Alex Goligoski Tobias Enstrom 40 1 3 1
2 Brett Clark Lasse Kukkonen 30 1 2 2
3 Jay Harrison Jaime Sifers 20 1 2 2
4 Alex Goligoski Tobias Enstrom 10 1 2 2
PowerPlay Forward
Center Left Wing Right Wing Time % Phy DF OF
1 Robert Nilsson Alexander Frolov Claude Giroux 60 0 1 4
2 Brendan Morrison Dustin Penner Byron Bitz 40 0 2 3
PowerPlay Defense
Defense Defense Time % Phy DF OF
1 Alex Goligoski Tobias Enstrom 60 0 2 3
2 Lasse Kukkonen Brett Clark 40 0 2 3
Penalty Kill 4 Players Forward
Center Wing Time % Phy DF OF
1 Robert Nilsson Claude Giroux 60 1 3 1
2 Brendan Morrison Alexander Frolov 40 1 3 1
Penalty Kill 4 Players Defense
Defense Defense Time % Phy DF OF
1 Alex Goligoski Tobias Enstrom 60 1 4 0
2 Lasse Kukkonen Brett Clark 40 1 4 0
Penalty Kill - 3 Players Forward
Forward Time % Phy DF OF
1 Robert Nilsson 60 1 2 0
2 Brendan Morrison 40 1 4 0
Penalty Kill - 3 Players Defense
Defense Defense Time % Phy DF OF
1 Alex Goligoski Tobias Enstrom 60 1 4 0
2 Lasse Kukkonen Brett Clark 40 1 4 0
4 vs 4 Forward
Center Wing Time % Phy DF OF
1 Robert Nilsson Claude Giroux 60 1 2 2
2 Brendan Morrison Alexander Frolov 40 1 2 2
4 vs 4 Defense
Defense Defense Time % Phy DF OF
1 Alex Goligoski Tobias Enstrom 60 1 2 2
2 Lasse Kukkonen Brett Clark 40 1 2 2
Last Minutes Offensive
Center Left Wing Right Wing Defense Defense
Robert Nilsson Alexander Frolov Claude Giroux Alex Goligoski Tobias Enstrom
Last Minutes Defensive
Center Left Wing Right Wing Defense Defense
Robert Nilsson Alexander Frolov Claude Giroux Brett Clark Tobias Enstrom
Goaltenders
Starting : Viktor Fasth
Backup : Marc-André Fleury
Extra Forwards
Normal : Dustin Penner, Nils Ekman, Paul Stastny - PP : Brendan Morrison, Nils Ekman - PK : Paul Stastny
Extra Defensemen
Normal : Lasse Kukkonen, Alex Goligoski, Tobias Enstrom - PP : Lasse Kukkonen - PK : Alex Goligoski, Tobias Enstrom
Penalty Shots
Claude Giroux, Robert Nilsson, Brendan Morrison, Dustin Penner, Alexander Frolov
% Time on Ice - Capitals
Lines # - Real PCT - Wanted PCT - Time Play
Normal Forward
1 - 33% - 40% - 16:28
2 - 27% - 30% - 13:11
3 - 23% - 20% - 11:22
4 - 17% - 10% - 8:41
Normal Defense
1 - 38% - 40% - 19:05
2 - 34% - 30% - 16:47
3 - 23% - 20% - 11:11
4 - 5% - 10% - 2:39
PP Forward
1 - 0% - 60%
2 - 0% - 40%
PP Defense
1 - 0% - 60%
2 - 0% - 40%
PK Forward
1 - 73% - 60% - 6:56
2 - 27% - 40% - 2:31
PK Defense
1 - 60% - 60% - 5:39
2 - 40% - 40% - 3:48
PK3 Forward
1 - 0% - 60%
2 - 0% - 40%
PK3 Defense
1 - 0% - 60%
2 - 0% - 40%
44 Forward
1 - 0% - 60%
2 - 0% - 40%
44 Defense
1 - 0% - 60%
2 - 0% - 40%
Last Minute Offensive - 0:00
Last Minute Defensive - 0:51
Total
Forward - 60:00
Defense - 60:00
|
% Time on Ice - Maple Leafs
Lines # - Real PCT - Wanted PCT - Time Play
Normal Forward
1 - 32% - 40% - 15:44
2 - 26% - 30% - 12:51
3 - 24% - 20% - 12:03
4 - 18% - 10% - 9:03
Normal Defense
1 - 40% - 40% - 20:05
2 - 33% - 30% - 16:11
3 - 22% - 20% - 10:56
4 - 5% - 10% - 2:29
PP Forward
1 - 54% - 60% - 5:09
2 - 46% - 40% - 4:18
PP Defense
1 - 68% - 60% - 6:26
2 - 32% - 40% - 3:01
PK Forward
1 - 0% - 60%
2 - 0% - 40%
PK Defense
1 - 0% - 60%
2 - 0% - 40%
PK3 Forward
1 - 0% - 60%
2 - 0% - 40%
PK3 Defense
1 - 0% - 60%
2 - 0% - 40%
44 Forward
1 - 0% - 60%
2 - 0% - 40%
44 Defense
1 - 0% - 60%
2 - 0% - 40%
Last Minute Offensive - 0:52
Last Minute Defensive - 0:00
Total
Forward - 60:00
Defense - 60:00
|
Play by Play
1st period
0:01 of 1st period - Evgeni Malkin wins face-off versus Dustin Penner in neutral zone.
0:10 of 1st period - Bobby Ryan is hit by Claude Giroux and loses puck.
0:31 of 1st period - Slapshot by Brooks Laich.
0:31 of 1st period - Shot Blocked by Alex Goligoski.
1:16 of 1st period - Icing by Jamal Mayers.
1:17 of 1st period - Paul Stastny wins face-off versus Chris Kunitz in Maple Leafs zone.
1:38 of 1st period - Wrist shot by Paul Stastny.
1:38 of 1st period - Stopped by Nikolai Khabibulin with a rebound.
2:00 of 1st period - Ed Jovanovski is hit by Steve Ott and loses puck.
2:35 of 1st period - Wrist shot by Paul Stastny.
2:35 of 1st period - Shot Blocked by Joe Corvo.
2:41 of 1st period - Snap shot by Nicklas Backstrom.
2:41 of 1st period - Stopped by Viktor Fasth with a rebound.
2:43 of 1st period - Slapshot by Joe Corvo.
2:43 of 1st period - Stopped by Viktor Fasth without a rebound.
2:44 of 1st period - Robert Nilsson wins face-off versus Evgeni Malkin in Maple Leafs zone.
2:53 of 1st period - Slapshot by Anton Volchenkov.
2:53 of 1st period - Deflect By Robert Nilsson.
2:53 of 1st period - Stopped by Viktor Fasth without a rebound.
2:54 of 1st period - Claude Giroux wins face-off versus Evgeni Malkin in Maple Leafs zone.
3:21 of 1st period - Snap shot by Claude Giroux.
3:21 of 1st period - Shot Blocked by Anton Volchenkov.
3:23 of 1st period - Snap shot by Dustin Penner.
3:23 of 1st period - Goal by Dustin Penner - Capitals : 0 - Maple Leafs : 1.
3:24 of 1st period - Brooks Laich wins face-off versus Brendan Morrison in neutral zone.
4:10 of 1st period - Backhand shot by Pierre-Marc Bouchard.
4:10 of 1st period - Stopped by Nikolai Khabibulin with a rebound.
4:50 of 1st period - Snap shot by Claude Giroux.
4:50 of 1st period - Stopped by Nikolai Khabibulin with a rebound.
5:08 of 1st period - Slapshot by Tobias Enstrom.
5:08 of 1st period - Stopped by Nikolai Khabibulin without a rebound.
5:09 of 1st period - Pierre-Marc Bouchard wins face-off versus Evgeni Malkin in Capitals zone.
5:12 of 1st period - Wrist shot by Pierre-Marc Bouchard.
5:12 of 1st period - Stopped by Nikolai Khabibulin with a rebound.
5:14 of 1st period - Snap shot by Andy Hilbert.
5:14 of 1st period - Shot Blocked by Bobby Ryan.
5:16 of 1st period - Snap shot by Nils Ekman.
5:16 of 1st period - Stopped by Nikolai Khabibulin with a rebound.
5:18 of 1st period - Snap shot by Pierre-Marc Bouchard.
5:18 of 1st period - Shot Blocked by Evgeni Malkin.
5:30 of 1st period - Minor Penalty to Ed Jovanovski for Hooking.
5:31 of 1st period - Zach Parise wins face-off versus Alexander Frolov in Capitals zone.
5:31 of 1st period - Zach Parise is hit by Robert Nilsson.
5:40 of 1st period - Snap shot by Robert Nilsson.
5:40 of 1st period - Shot Blocked by Zach Parise.
5:42 of 1st period - Snap shot by Robert Nilsson.
5:42 of 1st period - Deflect By Alexander Frolov.
5:42 of 1st period - Goal by Alexander Frolov - Capitals : 0 - Maple Leafs : 2.
5:43 of 1st period - Brooks Laich wins face-off versus Robert Nilsson in neutral zone.
6:27 of 1st period - Backhand shot by Alexander Frolov.
6:27 of 1st period - Stopped by Nikolai Khabibulin with a rebound.
6:29 of 1st period - Slapshot by Tobias Enstrom.
6:29 of 1st period - Deflect By Pierre-Marc Bouchard.
6:29 of 1st period - Stopped by Nikolai Khabibulin with a rebound.
6:31 of 1st period - Snap shot by Tobias Enstrom.
6:31 of 1st period - Deflect By Pierre-Marc Bouchard.
6:31 of 1st period - Shot Misses the Net.
6:31 of 1st period - Puck is out of play.
6:32 of 1st period - Pierre-Marc Bouchard wins face-off versus Brooks Laich in Capitals zone.
6:59 of 1st period - Wrist shot by Peter Regin.
6:59 of 1st period - Shot Misses the Net.
7:01 of 1st period - Snap shot by Peter Regin.
7:01 of 1st period - Stopped by Viktor Fasth with a rebound.
7:03 of 1st period - Slapshot by Bryce Salvador.
7:03 of 1st period - Shot Misses the Net.
7:05 of 1st period - Slapshot by Braydon Coburn.
7:05 of 1st period - Shot Blocked by Lasse Kukkonen.
7:07 of 1st period - Slapshot by Bryce Salvador.
7:07 of 1st period - Shot Misses the Net.
8:32 of 1st period - Snap shot by Robert Nilsson.
8:32 of 1st period - Stopped by Nikolai Khabibulin without a rebound.
8:33 of 1st period - Evgeni Malkin wins face-off versus Robert Nilsson in Capitals zone.
8:46 of 1st period - Wrist shot by Claude Giroux.
8:46 of 1st period - Stopped by Nikolai Khabibulin with a rebound.
9:08 of 1st period - Backhand shot by Bobby Ryan.
9:08 of 1st period - Shot Blocked by Jaime Sifers.
9:10 of 1st period - Slapshot by Bobby Ryan.
9:10 of 1st period - Shot Misses the Net.
9:12 of 1st period - Wrist shot by Evgeni Malkin.
9:12 of 1st period - Shot Misses the Net.
9:14 of 1st period - Snap shot by Evgeni Malkin.
9:14 of 1st period - Stopped by Viktor Fasth with a rebound.
9:16 of 1st period - Snap shot by Evgeni Malkin.
9:16 of 1st period - Goal by Evgeni Malkin - Capitals : 1 - Maple Leafs : 2.
9:17 of 1st period - Brendan Morrison wins face-off versus Brooks Laich in neutral zone.
9:32 of 1st period - Alexander Frolov is hit by Ales Hemsky and loses puck.
9:43 of 1st period - Alex Goligoski is hit by Adam Hall and loses puck.
10:10 of 1st period - Tobias Enstrom is hit by Evgeni Malkin and loses puck.
11:03 of 1st period - Wrist shot by Steve Sullivan.
11:03 of 1st period - Stopped by Viktor Fasth with a rebound.
11:56 of 1st period - Slapshot by Pierre-Marc Bouchard.
11:56 of 1st period - Stopped by Nikolai Khabibulin without a rebound.
11:57 of 1st period - Robert Nilsson wins face-off versus Brooks Laich in Capitals zone.
12:53 of 1st period - Anton Volchenkov is hit by Paul Stastny and loses puck.
13:18 of 1st period - Snap shot by Andy Hilbert.
13:18 of 1st period - Shot Misses the Net.
13:20 of 1st period - Snap shot by Andy Hilbert.
13:20 of 1st period - Stopped by Nikolai Khabibulin without a rebound.
13:21 of 1st period - Evgeni Malkin wins face-off versus Robert Nilsson in Capitals zone.
13:36 of 1st period - Wrist shot by Dustin Penner.
13:36 of 1st period - Stopped by Nikolai Khabibulin with a rebound.
13:38 of 1st period - Wrist shot by Robert Nilsson.
13:38 of 1st period - Shot Misses the Net.
13:50 of 1st period - Slapshot by Nils Ekman.
13:50 of 1st period - Stopped by Nikolai Khabibulin without a rebound.
13:51 of 1st period - Pierre-Marc Bouchard wins face-off versus Brooks Laich in Capitals zone.
14:39 of 1st period - Snap shot by Steve Sullivan.
14:39 of 1st period - Stopped by Viktor Fasth without a rebound.
14:40 of 1st period - Peter Regin wins face-off versus Brendan Morrison in Maple Leafs zone.
14:49 of 1st period - Peter Regin is hit by Brendan Morrison and loses puck.
15:06 of 1st period - Lasse Kukkonen is hit by Evgeni Malkin and loses puck.
15:33 of 1st period - Wrist shot by Andy Hilbert.
15:33 of 1st period - Stopped by Nikolai Khabibulin with a rebound.
15:40 of 1st period - Major Penalty to Ales Hemsky for Checking from behind.
15:41 of 1st period - Evgeni Malkin wins face-off versus Robert Nilsson in Capitals zone.
17:05 of 1st period - Tobias Enstrom is hit by Chris Kunitz and loses puck.
17:32 of 1st period - Robert Nilsson is hit by Anton Volchenkov and loses puck.
Goals for this period are 1 for Capitals vs 2 for Maple Leafs.
Shots for this period are 8 for Capitals vs 17 for Maple Leafs.
2nd period
0:01 of 2nd period - Evgeni Malkin wins face-off versus Claude Giroux in neutral zone.
0:40 of 2nd period - Penalty to Ales Hemsky is over, Ales Hemsky is back on ice.
1:03 of 2nd period - Snap shot by Chris Kunitz.
1:03 of 2nd period - Shot Misses the Net.
1:07 of 2nd period - Wrist shot by Nicklas Backstrom.
1:07 of 2nd period - Stopped by Viktor Fasth with a rebound.
1:25 of 2nd period - Slapshot by Steve Ott.
1:25 of 2nd period - Stopped by Nikolai Khabibulin without a rebound.
1:26 of 2nd period - Peter Regin wins face-off versus Robert Nilsson in Capitals zone.
1:53 of 2nd period - Slapshot by Pierre-Marc Bouchard.
1:53 of 2nd period - Shot Blocked by Brian Rafalski.
2:57 of 2nd period - Thomas Vanek is hit by Tobias Enstrom and loses puck.
3:03 of 2nd period - Off-side.
3:04 of 2nd period - Paul Stastny wins face-off versus Brooks Laich in neutral zone.
3:09 of 2nd period - Slapshot by Lasse Kukkonen.
3:09 of 2nd period - Stopped by Nikolai Khabibulin with a rebound.
3:27 of 2nd period - Wrist shot by Thomas Vanek.
3:27 of 2nd period - Shot Misses the Net.
3:29 of 2nd period - Slapshot by Braydon Coburn.
3:29 of 2nd period - Goal by Braydon Coburn - Capitals : 2 - Maple Leafs : 2.
3:30 of 2nd period - Robert Nilsson wins face-off versus Zach Parise in neutral zone.
3:34 of 2nd period - Off-side.
3:35 of 2nd period - Robert Nilsson wins face-off versus Evgeni Malkin in neutral zone.
3:38 of 2nd period - Slapshot by Tobias Enstrom.
3:38 of 2nd period - Shot Blocked by Braydon Coburn.
4:12 of 2nd period - Wrist shot by Alexander Frolov.
4:12 of 2nd period - Stopped by Nikolai Khabibulin with a rebound.
4:23 of 2nd period - Off-side.
4:24 of 2nd period - Brooks Laich wins face-off versus Pierre-Marc Bouchard in neutral zone.
4:28 of 2nd period - Off-side.
4:29 of 2nd period - Robert Nilsson wins face-off versus Evgeni Malkin in neutral zone.
4:44 of 2nd period - Snap shot by Claude Giroux.
4:44 of 2nd period - Shot Blocked by Zach Parise.
4:46 of 2nd period - Snap shot by Dustin Penner.
4:46 of 2nd period - Stopped by Nikolai Khabibulin without a rebound.
4:47 of 2nd period - Alexander Frolov wins face-off versus Brooks Laich in Capitals zone.
4:58 of 2nd period - Slapshot by Alexander Frolov.
4:58 of 2nd period - Shot Misses the Net.
5:14 of 2nd period - Tobias Enstrom is hit by Bobby Ryan and loses puck.
6:18 of 2nd period - Snap shot by Brooks Laich.
6:18 of 2nd period - Goal by Brooks Laich - Capitals : 3 - Maple Leafs : 2.
6:19 of 2nd period - Robert Nilsson wins face-off versus Evgeni Malkin in neutral zone.
6:31 of 2nd period - Minor Penalty to Bobby Ryan for Charging.
6:32 of 2nd period - Robert Nilsson wins face-off versus Evgeni Malkin in Capitals zone.
7:07 of 2nd period - Off-side.
7:08 of 2nd period - Claude Giroux wins face-off versus Thomas Vanek in neutral zone.
7:21 of 2nd period - Snap shot by Claude Giroux.
7:21 of 2nd period - Shot Blocked by Bryce Salvador.
7:35 of 2nd period - Braydon Coburn is hit by Brendan Morrison and loses puck.
8:31 of 2nd period - Penalty to Bobby Ryan is over, Bobby Ryan is back on ice.
9:42 of 2nd period - Ales Hemsky is hit by Jamal Mayers and loses puck.
9:57 of 2nd period - Tobias Enstrom is hit by Chris Kunitz and loses puck.
10:55 of 2nd period - Alex Goligoski is hit by Nicklas Backstrom and loses puck.
11:13 of 2nd period - Icing by Ed Jovanovski.
11:14 of 2nd period - Paul Stastny wins face-off versus Nicklas Backstrom in Capitals zone.
11:17 of 2nd period - Wrist shot by Paul Stastny.
11:17 of 2nd period - Stopped by Nikolai Khabibulin with a rebound.
11:54 of 2nd period - Wrist shot by Phil Kessel.
11:54 of 2nd period - Stopped by Viktor Fasth without a rebound.
11:55 of 2nd period - Evgeni Malkin wins face-off versus Robert Nilsson in Maple Leafs zone.
12:33 of 2nd period - Slapshot by Braydon Coburn.
12:33 of 2nd period - Stopped by Viktor Fasth with a rebound.
12:47 of 2nd period - Snap shot by Steve Sullivan.
12:47 of 2nd period - Stopped by Viktor Fasth without a rebound.
12:48 of 2nd period - Andy Hilbert wins face-off versus Peter Regin in Maple Leafs zone.
12:53 of 2nd period - Wrist shot by Peter Regin.
12:53 of 2nd period - Stopped by Viktor Fasth with a rebound.
12:55 of 2nd period - Slapshot by Steve Sullivan.
12:55 of 2nd period - Shot Misses the Net.
12:57 of 2nd period - Backhand shot by Anton Volchenkov.
12:57 of 2nd period - Deflect By Peter Regin.
12:57 of 2nd period - Stopped by Viktor Fasth without a rebound.
12:58 of 2nd period - Evgeni Malkin wins face-off versus Robert Nilsson in Maple Leafs zone.
12:59 of 2nd period - Snap shot by Zach Parise.
12:59 of 2nd period - Shot Blocked by Alex Goligoski.
14:13 of 2nd period - Wrist shot by Chris Kunitz.
14:13 of 2nd period - Shot Misses the Net.
14:15 of 2nd period - Wrist shot by Braydon Coburn.
14:15 of 2nd period - Shot Misses the Net.
14:31 of 2nd period - Snap shot by Evgeni Malkin.
14:31 of 2nd period - Goal by Evgeni Malkin - Capitals : 4 - Maple Leafs : 2.
14:31 of 2nd period - Marc-André Fleury enters game.
14:32 of 2nd period - Evgeni Malkin wins face-off versus Robert Nilsson in neutral zone.
14:32 of 2nd period - Zach Parise is hit by Robert Nilsson and loses puck.
14:55 of 2nd period - Minor Penalty to Brian Rafalski for Delaying the game.
14:56 of 2nd period - Robert Nilsson wins face-off versus Evgeni Malkin in Capitals zone.
15:01 of 2nd period - Slapshot by Alexander Frolov.
15:01 of 2nd period - Goal by Alexander Frolov - Capitals : 4 - Maple Leafs : 3.
15:02 of 2nd period - Bobby Ryan wins face-off versus Robert Nilsson in neutral zone.
15:36 of 2nd period - Slapshot by Byron Bitz.
15:36 of 2nd period - Stopped by Nikolai Khabibulin without a rebound.
15:37 of 2nd period - Brendan Morrison wins face-off versus Brooks Laich in Capitals zone.
16:33 of 2nd period - Snap shot by Andy Hilbert.
16:33 of 2nd period - Shot Misses the Net.
17:09 of 2nd period - Slapshot by Brendan Morrison.
17:09 of 2nd period - Stopped by Nikolai Khabibulin without a rebound.
17:10 of 2nd period - Brooks Laich wins face-off versus Brendan Morrison in Capitals zone.
17:15 of 2nd period - Braydon Coburn is hit by Alex Goligoski and loses puck.
17:22 of 2nd period - Snap shot by Brendan Morrison.
17:22 of 2nd period - Stopped by Nikolai Khabibulin with a rebound.
17:24 of 2nd period - Snap shot by Brendan Morrison.
17:24 of 2nd period - Stopped by Nikolai Khabibulin without a rebound.
17:25 of 2nd period - Robert Nilsson wins face-off versus Evgeni Malkin in Capitals zone.
17:38 of 2nd period - Alex Goligoski is hit by Bryce Salvador and loses puck.
19:35 of 2nd period - Icing by Alex Goligoski.
19:36 of 2nd period - Paul Stastny wins face-off versus Peter Regin in Maple Leafs zone.
Goals for this period are 3 for Capitals vs 1 for Maple Leafs.
Shots for this period are 9 for Capitals vs 10 for Maple Leafs.
3rd period
0:01 of 3rd period - Claude Giroux wins face-off versus Evgeni Malkin in neutral zone.
0:12 of 3rd period - Snap shot by Claude Giroux.
0:12 of 3rd period - Shot Hit the Post.
0:14 of 3rd period - Slapshot by Tobias Enstrom.
0:14 of 3rd period - Stopped by Nikolai Khabibulin without a rebound.
0:15 of 3rd period - Brooks Laich wins face-off versus Brendan Morrison in Capitals zone.
0:28 of 3rd period - Slapshot by Anton Volchenkov.
0:28 of 3rd period - Shot Blocked by Alex Goligoski.
0:58 of 3rd period - Alex Goligoski is hit by Evgeni Malkin and loses puck.
1:02 of 3rd period - Off-side.
1:03 of 3rd period - Robert Nilsson wins face-off versus Evgeni Malkin in neutral zone.
1:14 of 3rd period - Wrist shot by Robert Nilsson.
1:14 of 3rd period - Shot Misses the Net.
1:16 of 3rd period - Snap shot by Robert Nilsson.
1:16 of 3rd period - Shot Blocked by Brian Rafalski.
1:18 of 3rd period - Snap shot by Dustin Penner.
1:18 of 3rd period - Stopped by Nikolai Khabibulin without a rebound.
1:19 of 3rd period - Robert Nilsson wins face-off versus Brooks Laich in Capitals zone.
1:44 of 3rd period - Nils Ekman is hit by Zach Parise and loses puck.
1:56 of 3rd period - Icing by Nils Ekman.
1:57 of 3rd period - Pierre-Marc Bouchard wins face-off versus Peter Regin in Maple Leafs zone.
3:20 of 3rd period - Wrist shot by Alexander Frolov.
3:20 of 3rd period - Stopped by Nikolai Khabibulin without a rebound.
3:21 of 3rd period - Evgeni Malkin wins face-off versus Robert Nilsson in Capitals zone.
3:28 of 3rd period - Tobias Enstrom is hit by Ed Jovanovski and loses puck.
3:43 of 3rd period - Minor Penalty to Ed Jovanovski for Slashing.
3:44 of 3rd period - Robert Nilsson wins face-off versus Evgeni Malkin in Capitals zone.
5:43 of 3rd period - Penalty to Ed Jovanovski is over, Ed Jovanovski is back on ice.
5:49 of 3rd period - Brian Rafalski is hit by Steve Ott and loses puck.
6:05 of 3rd period - Thomas Vanek is hit by Jamal Mayers and loses puck.
6:16 of 3rd period - Snap shot by Nicklas Backstrom.
6:16 of 3rd period - Shot Misses the Net.
6:18 of 3rd period - Snap shot by Chris Kunitz.
6:18 of 3rd period - Stopped by Marc-André Fleury with a rebound.
6:20 of 3rd period - Slapshot by Chris Kunitz.
6:20 of 3rd period - Shot Misses the Net.
6:22 of 3rd period - Slapshot by Anton Volchenkov.
6:22 of 3rd period - Shot Blocked by Nils Ekman.
6:22 of 3rd period - Nils Ekman from Maple Leafs is injured at 6:22 of 3rd period (Bruised Left Leg).
6:23 of 3rd period - Robert Nilsson wins face-off versus Evgeni Malkin in Maple Leafs zone.
6:23 of 3rd period - Robert Nilsson is hit by Bobby Ryan.
6:49 of 3rd period - Tobias Enstrom is hit by Ales Hemsky and loses puck.
7:13 of 3rd period - Braydon Coburn is hit by Pierre-Marc Bouchard and loses puck.
7:22 of 3rd period - Snap shot by Peter Regin.
7:22 of 3rd period - Stopped by Marc-André Fleury with a rebound.
7:40 of 3rd period - Icing by Nicklas Backstrom.
7:41 of 3rd period - Nicklas Backstrom wins face-off versus Robert Nilsson in Capitals zone.
8:05 of 3rd period - Chris Kunitz is hit by Paul Stastny.
8:19 of 3rd period - Snap shot by Phil Kessel.
8:19 of 3rd period - Stopped by Marc-André Fleury with a rebound.
8:21 of 3rd period - Wrist shot by Nicklas Backstrom.
8:21 of 3rd period - Stopped by Marc-André Fleury with a rebound.
8:26 of 3rd period - Icing by Jaime Sifers.
8:27 of 3rd period - Evgeni Malkin wins face-off versus Pierre-Marc Bouchard in Maple Leafs zone.
8:28 of 3rd period - Snap shot by Bobby Ryan.
8:28 of 3rd period - Deflect By Jaime Sifers.
8:28 of 3rd period - Shot Misses the Net.
8:28 of 3rd period - Puck is out of play.
8:29 of 3rd period - Claude Giroux wins face-off versus Evgeni Malkin in Maple Leafs zone.
8:45 of 3rd period - Slapshot by Claude Giroux.
8:45 of 3rd period - Deflect By Robert Nilsson.
8:45 of 3rd period - Stopped by Nikolai Khabibulin without a rebound.
8:46 of 3rd period - Brendan Morrison wins face-off versus Brooks Laich in Capitals zone.
8:53 of 3rd period - Alex Goligoski is hit by Ales Hemsky.
9:11 of 3rd period - Snap shot by Claude Giroux.
9:11 of 3rd period - Shot Misses the Net.
9:13 of 3rd period - Snap shot by Claude Giroux.
9:13 of 3rd period - Stopped by Nikolai Khabibulin with a rebound.
9:15 of 3rd period - Slapshot by Brett Clark.
9:15 of 3rd period - Shot Blocked by Zach Parise.
9:28 of 3rd period - Icing by Zach Parise.
9:29 of 3rd period - Evgeni Malkin wins face-off versus Pierre-Marc Bouchard in Capitals zone.
9:39 of 3rd period - Andy Hilbert is hit by Brian Rafalski and loses puck.
9:56 of 3rd period - Snap shot by Evgeni Malkin.
9:56 of 3rd period - Deflect By Bobby Ryan.
9:56 of 3rd period - Shot Misses the Net.
9:56 of 3rd period - Puck is out of play.
9:57 of 3rd period - Evgeni Malkin wins face-off versus Robert Nilsson in Maple Leafs zone.
9:58 of 3rd period - Snap shot by Zach Parise.
9:58 of 3rd period - Deflect By Evgeni Malkin.
9:58 of 3rd period - Shot Blocked by Lasse Kukkonen.
9:58 of 3rd period - Puck is out of play.
9:59 of 3rd period - Evgeni Malkin wins face-off versus Robert Nilsson in Maple Leafs zone.
10:36 of 3rd period - Wrist shot by Byron Bitz.
10:36 of 3rd period - Shot Misses the Net.
12:15 of 3rd period - Slapshot by Chris Kunitz.
12:15 of 3rd period - Stopped by Marc-André Fleury with a rebound.
12:33 of 3rd period - Wrist shot by Zach Parise.
12:33 of 3rd period - Shot Blocked by Alexander Frolov.
12:35 of 3rd period - Snap shot by Anton Volchenkov.
12:35 of 3rd period - Stopped by Marc-André Fleury with a rebound.
12:37 of 3rd period - Wrist shot by Bobby Ryan.
12:37 of 3rd period - Shot Misses the Net.
12:53 of 3rd period - Snap shot by Jamal Mayers.
12:53 of 3rd period - Stopped by Nikolai Khabibulin with a rebound.
13:05 of 3rd period - Slapshot by Steve Sullivan.
13:05 of 3rd period - Stopped by Marc-André Fleury with a rebound.
13:26 of 3rd period - Alex Goligoski is hit by Zach Parise and loses puck.
13:43 of 3rd period - Snap shot by Adam Hall.
13:43 of 3rd period - Shot Misses the Net.
14:30 of 3rd period - Minor Penalty to Braydon Coburn for Roughing.
14:31 of 3rd period - Evgeni Malkin wins face-off versus Robert Nilsson in Capitals zone.
14:40 of 3rd period - Slapshot by Robert Nilsson.
14:40 of 3rd period - Shot Blocked by Evgeni Malkin.
14:42 of 3rd period - Snap shot by Claude Giroux.
14:42 of 3rd period - Goal by Claude Giroux - Capitals : 4 - Maple Leafs : 4.
14:43 of 3rd period - Evgeni Malkin wins face-off versus Robert Nilsson in neutral zone.
14:48 of 3rd period - Slapshot by Evgeni Malkin.
14:48 of 3rd period - Stopped by Marc-André Fleury without a rebound.
14:49 of 3rd period - Evgeni Malkin wins face-off versus Robert Nilsson in Maple Leafs zone.
15:14 of 3rd period - Wrist shot by Brendan Morrison.
15:14 of 3rd period - Shot Blocked by Brian Rafalski.
16:16 of 3rd period - Slapshot by Nicklas Backstrom.
16:16 of 3rd period - Shot Blocked by Jaime Sifers.
16:18 of 3rd period - Snap shot by Nicklas Backstrom.
16:18 of 3rd period - Stopped by Marc-André Fleury with a rebound.
16:20 of 3rd period - Snap shot by Chris Kunitz.
16:20 of 3rd period - Stopped by Marc-André Fleury with a rebound.
16:54 of 3rd period - Dustin Penner is hit by Ales Hemsky and loses puck.
17:03 of 3rd period - Wrist shot by Thomas Vanek.
17:03 of 3rd period - Shot Misses the Net.
17:59 of 3rd period - Anton Volchenkov is hit by Brendan Morrison.
18:07 of 3rd period - Snap shot by Steve Sullivan.
18:07 of 3rd period - Stopped by Marc-André Fleury without a rebound.
18:08 of 3rd period - Evgeni Malkin wins face-off versus Robert Nilsson in Maple Leafs zone.
18:11 of 3rd period - Snap shot by Evgeni Malkin.
18:11 of 3rd period - Stopped by Marc-André Fleury with a rebound.
18:13 of 3rd period - Slapshot by Bobby Ryan.
18:13 of 3rd period - Shot Misses the Net.
18:15 of 3rd period - Snap shot by Zach Parise.
18:15 of 3rd period - Shot Misses the Net.
18:17 of 3rd period - Wrist shot by Evgeni Malkin.
18:17 of 3rd period - Shot Misses the Net.
18:19 of 3rd period - Backhand shot by Bobby Ryan.
18:19 of 3rd period - Stopped by Marc-André Fleury with a rebound.
18:21 of 3rd period - Slapshot by Braydon Coburn.
18:21 of 3rd period - Stopped by Marc-André Fleury with a rebound.
18:23 of 3rd period - Snap shot by Zach Parise.
18:23 of 3rd period - Goal by Zach Parise - Capitals : 5 - Maple Leafs : 4.
18:24 of 3rd period - Peter Regin wins face-off versus Robert Nilsson in neutral zone.
19:03 of 3rd period - Braydon Coburn is hit by Byron Bitz and loses puck.
19:14 of 3rd period - Alexander Frolov is hit by Evgeni Malkin and loses puck.
19:25 of 3rd period - Snap shot by Zach Parise.
19:25 of 3rd period - Deflect By Robert Nilsson.
19:25 of 3rd period - Shot Misses the Net.
19:25 of 3rd period - Puck is out of play.
19:26 of 3rd period - Pat Burns call a timeout for Maple Leafs.
19:26 of 3rd period - Evgeni Malkin wins face-off versus Robert Nilsson in Maple Leafs zone.
19:31 of 3rd period - Snap shot by Evgeni Malkin.
19:31 of 3rd period - Deflect By Robert Nilsson.
19:31 of 3rd period - Shot Misses the Net.
19:31 of 3rd period - Puck is out of play.
19:32 of 3rd period - Evgeni Malkin wins face-off versus Robert Nilsson in Maple Leafs zone.
19:49 of 3rd period - Slapshot by Evgeni Malkin.
19:49 of 3rd period - Shot Misses the Net.
Goals for this period are 1 for Capitals vs 1 for Maple Leafs.
Shots for this period are 15 for Capitals vs 7 for Maple Leafs.
Output by the SimonT Hockey Simulator (STHS) for François Prévost -- Original Page W3C XHTML 1.0 Valid